 Dungeon Crawl Stone Soup version 0.26.0-45-g9c1d065592 (webtiles) character file.

Game seed: 10885432355720525395

2002 Araneus the Grappler (level 9, -7/75 HPs)
             Began as a Ghoul Monk on Jan 29, 2021.
             Was a Priest of Qazlal.
             Shot with an arrow by a centaur (14 damage)
             ... on level 7 of the Dungeon.
             The game lasted 00:23:32 (6998 turns).

Araneus the Grappler (Ghoul Monk)                   Turns: 6998, Time: 00:23:33

Health: -7/75      AC:  5    Str: 15    XL:     9   Next: 22%
Magic:  0/8        EV: 13    Int:  5    God:    Qazlal [***...]
Gold:   281        SH:  3    Dex: 14    Spells: 8/8 levels left

rFire    + . .     SeeInvis .     - Unarmed
rCold    + . .     Faith    .   (no shield)
rNeg     + + +     Spirit   +   n - +0 leather armour {rF+}
rPois    ∞         Reflect  .   l - +1 helmet
rElec    .         Harm     .   (no cloak)
rCorr    .         Rampage  .   (no gloves)
Will     .....                  (no boots)
Stlth    +.........             p - amulet of guardian spirit
HPRegen  0.00/turn              (no ring)
MPRegen  0.11/turn              (no ring)

@: no status effects
A: claws 1, cold resistance 1, negative energy resistance 3, inhibited
regeneration, torment resistance, unbreathing
a: Renounce Religion, Upheaval, Elemental Force


You were on level 7 of the Dungeon.
You worshipped Qazlal.
Qazlal was most pleased with you.
You visited 2 branches of the dungeon, and saw 8 of its levels.
You also visited: Sewer.

You collected 281 gold pieces.

Inventory:

Missiles
 o - 13 poisoned darts (quivered)
 q - 4 curare-tipped darts
Armour
 d - a +0 troll leather armour
 l - a +1 helmet (worn)
 n - a +0 leather armour of fire resistance (worn)
Jewellery
 p - an amulet of guardian spirit (around neck)
 u - an uncursed ring of fire
Wands
 t - a wand of acid (8)
Scrolls
 b - 3 scrolls of fear
 c - 5 scrolls of remove curse
 e - a scroll of amnesia
 g - a scroll of immolation
 k - a scroll of fog
 m - 3 scrolls of teleportation
 r - a scroll of identify
Potions
 a - 2 potions of brilliance
 f - 2 potions of heal wounds
 i - a potion of might {unknown}
 s - 5 potions of curing {unknown}


   Skills:
 * Level 6.0 Fighting
 + Level 3.2 Armour
 - Level 3.6 Dodging
 - Level 2.1 Stealth
 + Level 11.1 Unarmed Combat


You had 8 spell levels left.
You didn't know any spells.
Your spell library contained the following spells:

 Spells                   Type           Power        Failure   Level
 Magic Dart               Conj           0%           54%         1
 Searing Ray              Conj           0%           69%         2
 Dazzling Flash           Conj/Hex       0%           89%         3
 Fulminant Prism          Conj/Hex       0%           100%        4
 Iskenderun's Mystic Bla  Conj/Tloc      0%           100%        4


Dungeon Overview and Level Annotations

Branches:
Dungeon (7/15)             Temple (1/1) D:4           Sewer (visited)

Altars:
Ashenzari
Cheibriados
Dithmenos
Elyvilon
Fedhas
Hepliaklqana
Kikubaaqudgha
Makhleb
Qazlal
Ru
Trog
Uskayaw
Vehumet
Wu Jian
Xom
Yredelemnul
Zin
The Shining One
Beogh

Shops:
D:6 }

Annotations:
D:6 daodarkstar's ghost, novice DsFi


Innate Abilities, Weirdness & Mutations

You thrive by killing the living.
You are immune to poison.
You have sharp fingernails.
Your flesh is cold resistant. (rC+)
You are immune to negative energy. (rN+++)
You do not regenerate when monsters are visible.
You are immune to unholy pain and torment.
You can survive without breathing.


Message History

The worker ant is heavily wounded.
The worker ant closely misses you.
You scratch the worker ant.
The worker ant is almost dead.
The worker ant barely misses you.
You claw the worker ant!
You kill the worker ant!
Qazlal accepts your kill.
You feel better.
You start resting.
You hear a loud, deep croak!
You hear a croak.
You hear a shout!
A centaur comes into view.
The centaur wields a +0 shortbow.
The centaur shoots an arrow.
The arrow hits you!
* * * LOW HITPOINT WARNING * * *
The centaur shoots an arrow.
The arrow barely misses you.
A bullfrog comes into view.
The centaur shoots an arrow.
The arrow hits you!
You die...

#.....#
#....F+
+.....#
#.(...#
###<....#
#.....###
#..(..#
#..°..#
+@....+
#.....#
c.#####
...#
....#
.....#
......#
########


You could see a bullfrog and a centaur.

Vanquished Creatures
  A troll (D:6)
  Sigmund (D:6)
  2 ice beasts
  A sky beast (D:4)
  An orc warrior (D:6)
  A phantom (D:5)
  A necrophage (D:6)
  An ogre (D:4)
  A centaur (D:5)
  2 scorpions
  3 howler monkeys
  2 orc priests
  A hound (D:3)
  2 orc wizards
  3 bullfrog skeletons
  A centaur skeleton (D:5)
  2 iguanas
  4 worker ants
  A howler monkey zombie (D:3)
  Robin (D:3)
  3 gnolls (D:6)
  10 adders
  2 shadow imps (D:6)
  A white imp (D:5)
  An ooze (D:1)
  5 worms
  4 dart slugs
  8 leopard geckos
  8 orcs
  7 giant cockroaches
  17 goblins
  9 hobgoblins
  8 jackals
  7 kobolds
  6 quokkas
  7 ball pythons
  7 bats
  8 frilled lizards
  A quokka zombie (D:6)
  7 rats
158 creatures vanquished.

Notes
Turn   | Place    | Note
-------+----------+-------------------------------------------
     0 | D:1      | Araneus the Ghoul Monk began the quest for the Orb.
     0 | D:1      | Reached XP level 1. HP: 19/19 MP: 0/0
    53 | D:1      | Reached XP level 2. HP: 24/26 MP: 1/1
    55 | D:1      | Reached skill level 4 in Unarmed Combat
   310 | D:1      | Reached XP level 3. HP: 14/31 MP: 2/2
   784 | D:2      | Reached skill level 5 in Unarmed Combat
  1183 | D:2      | Reached XP level 4. HP: 20/38 MP: 3/3
  1772 | D:3      | Reached skill level 6 in Unarmed Combat
  1878 | D:3      | Reached XP level 5. HP: 10/45 MP: 4/4
  2280 | D:3      | Noticed Robin
  2312 | D:3      | Killed Robin
  2842 | D:3      | Found a shimmering altar of Xom.
  3084 | D:4      | Noticed an ogre
  3135 | D:4      | Reached skill level 7 in Unarmed Combat
  3161 | D:4      | Found a staircase to the Ecumenical Temple.
  3171 | D:4      | Noticed a sky beast
  3179 | D:4      | Reached XP level 6. HP: 34/51 MP: 2/5
  3194 | D:4      | Killed a sky beast
  3259 | Temple   | Entered the Ecumenical Temple
  3897 | D:4      | Reached skill level 8 in Unarmed Combat
  3897 | D:4      | Reached XP level 7. HP: 55/59 MP: 4/6
  4159 | D:5      | Entered Level 5 of the Dungeon
  4268 | Temple   | Became a worshipper of Qazlal Stormbringer
  4268 | Temple   | Reached * piety under Qazlal
  4268 | Temple   | Reached ** piety under Qazlal
  4360 | D:5      | Reached skill level 9 in Unarmed Combat
  4455 | D:5      | Reached XP level 8. HP: 32/67 MP: 3/7
  4666 | D:5      | Found a glowing golden altar of the Shining One.
  4802 | D:5      | Reached skill level 1 in Armour
  5512 | D:6      | Noticed Sigmund
  5519 | D:6      | Found Tiuri's Gadget Shoppe.
  5565 | D:6      | Reached skill level 5 in Fighting
  5688 | D:6      | Killed Sigmund
  5689 | D:6      | Reached skill level 10 in Unarmed Combat
  5915 | D:6      | Found a glowing drain.
  5932 | Sewer    | Entered a sewer
  6450 | D:6      | Noticed a troll
  6465 | D:6      | Killed a troll
  6466 | D:6      | Reached XP level 9. HP: 17/75 MP: 0/8
  6818 | D:6      | Reached *** piety under Qazlal
  6917 | D:6      | Found a runed translucent gate.
  6917 | D:6      | Found a runed translucent gate.
  6919 | D:6      | Found a runed translucent gate.
  6920 | D:6      | Noticed daodarkstar's ghost (novice DsFi)
  6922 | D:6      | Identified the cursed +1 plate armour of Liberty {Will+
                  | SInv}
  6923 | D:6      | Found a roughly hewn altar of Beogh.
  6938 | D:6      | Reached skill level 11 in Unarmed Combat
  6998 | D:7      | Shot with an arrow by a centaur

Illustrated notes

Levels and vault maps discovered:
D:1:      tarquinn_simple_flora_water_e, layout_rooms
D:2:      layout_rooms
D:3:      layout_rooms, tgw_xom, grunt_ministairs_7, uniq_robin
D:4:      layout_loops_ring, temple_pool_b
D:5:      layout_basic, tso_metal_star, chequers_serial_rivers_large_a
D:6:      layout_loops_ring, gup_sewer_entry_bowl, biasface_ghost_orc_armoury,
          serial_shops, shop, uniq_sigmund
D:7:      layout_gridville, kennysheep_mini, old_standard_altar,
          nicolae_lava_and_water, david_defended_altar_elf
Temple:   regret_index_temple_sphere_string

Skill      XL: |  1  2  3  4  5  6  7  8  9 |
---------------+----------------------------+-----
Unarmed Combat | 4 5 6 7 8 9 10 11 | 11.1
Dodging        | 3 |  3.6
Fighting       | 4 5 6 |  6.0
Armour         | 2 3 |  3.2
Stealth        | |  2.1

Action                   |  1- 3 |  4- 6 |  7- 9 || total
-------------------------+-------+-------+-------++-------
Melee: Unarmed           |   125 |   207 |   221 ||   553
       Punch             |     1 |     6 |     7 ||    14
  Use: Scroll            |       |     4 |     9 ||    13
       Potion            |       |     5 |     4 ||     9
 Stab: Sleeping          |       |     2 |       ||     2
Armor: Robe              |    16 |    16 |       ||    32
       Ring mail         |       |     5 |    24 ||    29
       Leather armour    |       |       |    21 ||    21
Dodge: Dodged            |    80 |   114 |   104 ||   298
Block: Other             |       |       |    21 ||    21
